 Dungeon Crawl Stone Soup version 0.27.1-1-g398f81649c (webtiles) character file.

Game seed: 5335764069419503527

555 Borgoz the Slasher (level 7, -2/81 HPs)
             Began as a Human Berserker on Sept 20, 2021.
             Was a Believer of Trog.
             Slain by an ogre (14 damage)
             ... on level 4 of the Dungeon.
             The game lasted 00:02:56 (3606 turns).

Borgoz the Slasher (Human Berserker)                Turns: 3606, Time: 00:02:57

Health: -2/81      AC:  7    Str: 19    XL:     7   Next: 56%
Magic:  7/7        EV: 12    Int:  7    God:    Trog [**....]
Gold:   168        SH:  0    Dex: 13    Spells: 6/6 levels left

rFire    . . .     SeeInvis .   a - +0 falchion
rCold    . . .     Faith    .   (no shield)
rNeg     . . .     Spirit   .   d - +0 ring mail
rPois    .         Reflect  .   (no helmet)
rElec    .         Harm     .   p - +0 cloak {Stlth+}
rCorr    .         Rampage  .   (no gloves)
Will     .....                  (no boots)
Stlth    ..........             (no amulet)
HPRegen  0.23/turn              (no ring)
MPRegen  0.10/turn              (no ring)

@: berserking, very quick
A: no striking features
a: Renounce Religion, Berserk, Trog's Hand


You were on level 4 of the Dungeon.
You worshipped Trog.
Trog was pleased with you.
You visited 1 branch of the dungeon, and saw 4 of its levels.

You collected 168 gold pieces.

Inventory:

Hand Weapons
 a - a +0 falchion (weapon)
Armour
 d - a +0 ring mail (worn)
 p - a +0 cloak of stealth (worn)
Wands
 k - a wand of mindburst (3)
Scrolls
 b - 3 scrolls of enchant armour {unknown}
 c - 2 scrolls of summoning {unknown}
 e - 2 scrolls of immolation {unknown}
 f - a scroll of fog {unknown}
 i - a scroll of holy word {unknown}
 l - a scroll of enchant weapon {unknown}
 m - 3 scrolls of identify {unknown}
 n - a scroll of silence {unknown}
Potions
 g - a potion of flight {unknown}
 h - a potion of ambrosia {unknown}
 j - 2 potions of brilliance {unknown}
 o - a potion of degeneration {unknown}


   Skills:
 + Level 4.2 Fighting
 * Level 5.2 Long Blades
 * Level 4.8 Armour
 + Level 3.5 Dodging


You had 6 spell levels left.
You didn't know any spells.
Your spell library was empty.

Dungeon Overview and Level Annotations

Branches:
Dungeon (4/15)
 Temple: D:4-7

Altars:
Qazlal


Message History

Found 15 gold pieces.
Found 11 gold pieces.
Found a stormy altar of Qazlal.
No target in view!
No target in view!
Found 12 gold pieces.
Found 27 gold pieces.
Found a scroll labelled KUNIUKO IL ONG.
An ogre comes into view. It is wielding a +0 giant club.
An ogre is nearby!
An ogre is nearby!
An ogre is nearby!
The ogre closely misses you.
You see here 14 gold pieces.
You hit the ogre.
The ogre is lightly wounded.
You barely miss the ogre.
The ogre is lightly wounded.
The ogre closely misses you.
You hit the ogre.
The ogre is moderately wounded.
The ogre hits you with a +0 giant club!
You slash the ogre!
The ogre is severely wounded.
The ogre hits you with a +0 giant club!
You barely miss the ogre.
The ogre is severely wounded.
The ogre closely misses you.
You riposte.
You barely miss the ogre.
The ogre is severely wounded.
You closely miss the ogre.
The ogre is severely wounded.
The ogre hits you with a +0 giant club!!
* * * LOW HITPOINT WARNING * * *
You are too injured to fight recklessly!
You are too injured to fight recklessly!
A red film seems to cover your vision as you go berserk!
You feel yourself moving faster!
You feel mighty!
You barely miss the ogre.
The ogre is severely wounded.
The ogre hits you with a +0 giant club!
You die...

###? ..... #### .######
..# ##.#....$#
#########.# #..#.....#.
........$.###..+.$_..#.
...............#..$..#.
...............#.....#.
.......@.......#######
......O...............
.................####
####+####..(.....#####
#............#
##...........#
.............#
###########....##
#.........'.....#


You could see an ogre.

Vanquished Creatures
  Grinder (D:4)
  A black bear (D:3)
  A phantom (D:4)
  A hound (D:3)
  Crazy Yiuf (D:3)
  Terence (D:3)
  A hound skeleton (D:4)
  A howler monkey skeleton (D:3)
  An adder (D:2)
  2 dart slugs (D:1)
  5 orcs (D:3)
  3 bats
  5 endoplasms
  5 giant cockroaches
  8 goblins
  13 hobgoblins
  8 kobolds
  3 quokkas (D:2)
  5 ball pythons
  3 frilled lizards
  A quokka skeleton (D:4)
  4 rats
74 creatures vanquished.

Notes
Turn   | Place    | Note
-------+----------+-------------------------------------------
     0 | D:1      | Borgoz the Human Berserker began the quest for the Orb.
     0 | D:1      | Reached XP level 1. HP: 18/18 MP: 1/1
    66 | D:1      | Reached XP level 2. HP: 16/24 MP: 2/2
   273 | D:1      | Reached XP level 3. HP: 23/29 MP: 3/3
   399 | D:1      | Reached ** piety under Trog
  1072 | D:2      | Reached XP level 4. HP: 27/35 MP: 4/4
  1995 | D:3      | Noticed a black bear
  2002 | D:3      | Killed a black bear
  2003 | D:3      | Reached skill level 4 in Long Blades
  2003 | D:3      | Reached XP level 5. HP: 41/41 MP: 5/5
  2050 | D:3      | Reached XP level 6. HP: 45/48 MP: 6/6
  2092 | D:3      | Found a faded altar of an unknown god.
  2735 | D:3      | Found a runed translucent door.
  2736 | D:3      | Noticed Crazy Yiuf
  2931 | D:3      | Noticed Terence
  2938 | D:3      | Killed Terence
  3245 | D:3      | Killed Crazy Yiuf
  3356 | D:4      | Noticed Grinder
  3361 | D:4      | Killed Grinder
  3362 | D:4      | Reached skill level 5 in Long Blades
  3362 | D:4      | Reached XP level 7. HP: 54/54 MP: 7/7
  3589 | D:4      | Found a stormy altar of Qazlal.
  3606 | D:4      | Slain by an ogre

Illustrated notes

Levels and vault maps discovered:
D:1:      scummos_arrival_hexagon, layout_rooms, chequers_serial_rivers_large_b
D:2:      minmay_spotlight, layout_loops_cross, serial_rivers,
          chequers_serial_rivers_small_b, chequers_serial_rivers_micro_d,
          chequers_serial_rivers_micro_c, chequers_serial_rivers_small_a
D:3:      layout_basic, shapermc_ecumenical_altar_ellora,
          uniq_crazy_yiuf_cottage, uniq_terence
D:4:      layout_basic, amcnicky_altar_gilded, uniq_grinder, uniq_robin,
          uniq_natasha

Skill      XL: |  1  2  3  4  5  6 |
---------------+-------------------+-----
Armour         | 3 4 |  4.8
Long Blades    | 4 5 |  5.2
Dodging        | 3 |  3.5
Fighting       | 4 |  4.2

Action                   |  1- 3 |  4- 6 |  7- 9 || total
-------------------------+-------+-------+-------++-------
Melee: Falchion          |    82 |   125 |    26 ||   233
Invok: Berserk           |     1 |     4 |     1 ||     6
Evoke: Wand              |       |     2 |       ||     2
 Stab: Sleeping          |       |     1 |       ||     1
Armor: Animal skin       |     3 |       |       ||     3
       Ring mail         |    32 |    38 |     5 ||    75
Dodge: Dodged            |    77 |    52 |    16 ||   145
       Rpst.: Falchion   |    14 |    13 |     2 ||    29
